 Dungeon Crawl Stone Soup version 0.17.1-3-g152610e (webtiles) character file.

49 Inkary the Insei (level 3, -4/28 HPs)
             Began as a Demigod Transmuter on Apr 7, 2016.
             Slain by Terence
             ... wielding a +0 mace
              (5 damage)
             ... on level 2 of the Dungeon.
             The game lasted 00:18:46 (1822 turns).

Inkary the Insei (Demigod Transmuter)               Turns: 1822, Time: 00:18:46

Health: -4/28      AC:  9    Str: 13    XL:     3   Next: 32%
Magic:  8/8        EV: 10    Int: 17    God:
Gold:   39         SH:  0    Dex: 18    Spells: 1 memorised, 5 levels left

rFire  x . .     SeeInvis .     f - +0 dagger (curse)
rCold  + . .     Clarity  .     e - +0 scale mail
rNeg   . . .     SustAt   +     (no shield)
rPois  .         Gourm    .     h - +2 helmet
rElec  .         Spirit   .     (no cloak)
rCorr  .         Warding  .     (no gloves)
rMut   .         Stasis   .     (no boots)
MR     .....                    (no amulet)
Stlth  ..........               (no ring)
                                l - ring of ice

@: not resistant to hostile enchantments, extremely unstealthy
A: high mp 1, sustain attributes
a: no special abilities


You were on level 2 of the Dungeon.
You were hungry.

You visited 1 branch of the dungeon, and saw 2 of its levels.

You collected 39 gold pieces.

Inventory:

Hand Weapons
 a - a +2 dagger of protection
 f - a cursed +0 dagger (weapon)
Armour
 e - a +0 scale mail (worn)
 h - a +2 helmet (worn)
Jewellery
 l - a ring of ice (left hand)
Wands
 k - a wand of random effects (32)
Scrolls
 b - 3 scrolls of teleportation
Potions
 i - 2 potions of curing
Books
 c - a book of Changes

   Spells                             Type                      Level
   a - Beastly Appendage              Transmutation                1
   b - Sticks to Snakes               Transmutation                2
   c - Spider Form                    Transmutation/Poison         3
   d - Ice Form                       Ice/Transmutation            4
   e - Blade Hands                    Transmutation                5
Comestibles
 d - 2 bread rations
 g - a royal jelly


   Skills:
 + Level 1.3 Fighting
 + Level 1.0 Armour
 + Level 2.3 Dodging
 - Level 2.9 Unarmed Combat
 + Level 2.0 Spellcasting
 + Level 2.1 Transmutations


You had 5 spell levels left.
You knew the following spells:

 Your Spells              Type           Power        Failure   Level  Hunger
a - Beastly Appendage     Trmt           #.....       38%         1    #......


Dungeon Overview and Level Annotations

Branches:
Dungeon (2/15)

Annotations:
D:2 Terence


Innate Abilities, Weirdness & Mutations

You have an increased reservoir of magic (+10% MP).
Your attributes are resistant to harm.


Message History

Terence hits you with a mace.
* * * LOW HITPOINT WARNING * * *
There is a stone staircase leading down here.
You hit Terence but do no damage.
Terence is heavily wounded.
Terence screams, "I want your blood!" Terence hits you but does no damage.
Your scale mail prevents you from hitting Terence.
Terence is heavily wounded.
You closely miss Terence.
Terence is heavily wounded.
Terence barely misses you.
You hit Terence.
Terence is heavily wounded.
Terence hits you with a mace!
* * * LOW HITPOINT WARNING * * *
You hit Terence.
Terence is severely wounded.
Terence hits you with a mace.
You die...

### #####.## #####
#......##
#...#####.#.....###.#
#...................#
#...#####.###.#######
#####.#### #.# #@#
#........# #.###@#
#.###.##.###....>##
#.#.........###...## ♣♣♣♣P≈
#.#.#.##.##.##.....#♣≈PPP)≈
#.#.#....##.#........≈≈.≈≈.
#.#.#....##.........♣≈PPP≈
....................♣♣♣♣♣.
#....................♣


You could see Terence.

Vanquished Creatures
  3 giant geckos (D:1)
  A ball python (D:1)
  3 bats (D:1)
  3 giant cockroaches (D:1)
  8 hobgoblins
  A quokka (D:1)
  2 giant newts (D:1)
  A goblin (D:1)
  10 jackals (D:1)
  4 kobolds (D:1)
  5 rats (D:1)
41 creatures vanquished.

Notes
Turn   | Place    | Note
--------------------------------------------------------------
     0 | D:1      | Inkary the Demigod Transmuter began the quest for the Orb.
     0 | D:1      | Reached XP level 1. HP: 15/15 MP: 5/5
   331 | D:1      | Reached XP level 2. HP: 4/22 MP: 7/7
   654 | D:1      | Reached skill level 1 in Fighting
  1037 | D:1      | Reached XP level 3. HP: 13/28 MP: 6/8
  1317 | D:1      | Reached skill level 1 in Armour
  1649 | D:2      | Found a shattered altar of Ashenzari.
  1734 | D:2      | Noticed Terence
  1821 | D:2      | HP: 1/28 [Terence/mace (7)]
  1822 | D:2      | Slain by Terence

Action                   || total
-------------------------++-------
Melee: Dagger            ||   276
       Unarmed           ||     5
 Cast: Beastly Appendage ||    10
  Use: Scroll            ||     3
       Potion            ||     1
  Eat: Chunk             ||     3
